 Dungeon Crawl Stone Soup version 0.31-a0-424-g41b3b0883d (webtiles) character file.

Game seed: 9756911668568063577

7 Bnni the Shooter (level 2, 17/17 HPs)
             Began as a Tengu Hunter on July 30, 2023.
             Was a Follower of Cheibriados.
             Quit the game on level 1 of the Dungeon.
             The game lasted 00:00:19 (268 turns).

Bnni the Shooter (Tengu Hunter)                      Turns: 268, Time: 00:00:19

Health: 17/17      AC:  3    Str: 13    XL:     2   Next: 0%
Magic:  3/3        EV: 12    Int: 11    God:    Cheibriados [*.....]
Gold:   16         SH:  0    Dex: 19    Spells: 1/1 levels left

rFire   . . .        a - +0 shortbow
rCold   . . .        (shield currently unavailable)
rNeg    . . .        c - +0 leather armour
rPois   .            (helmet restricted)
rElec   .            (no cloak)
rCorr   .            (no gloves)
SInv    .            (boots unavailable)
Will    .....        (no amulet)
Stlth   ++           (no ring)
HPRegen 0.22/turn    (no ring)
MPRegen 0.08/turn

%: no passive effects
@: very slow
A: beak, talons 3
a: Renounce Religion, Bend Time


You were on level 1 of the Dungeon.
You worshipped Cheibriados.
Cheibriados was aware of your devotion.
You visited 1 branch of the dungeon, and saw 1 of its levels.

You collected 16 gold pieces.

Inventory:

Hand Weapons
 a - a +0 shortbow (weapon)
Armour
 c - a +0 leather armour (worn)
Scrolls
 b - a scroll of butterflies
 d - 2 scrolls of teleportation {unknown}
Potions
 e - a potion of curing {unknown}


   Skills:
 + Level 2.2 Fighting
 * Level 4.7 Ranged Weapons
 - Level 2.1 Dodging
 - Level 1.0 Stealth


You had one spell level left.
You didn't know any spells.
Your spell library was empty.

Dungeon Overview and Level Annotations

Branches:
Dungeon (1/15)

Altars:
Cheibriados


Innate Abilities, Weirdness & Mutations

You have a beak for a mouth.
You have claws for feet.


Message History

The bat closely misses you.
You shoot an arrow. The arrow closely misses the bat.
The bat barely misses you. The bat misses you. The bat closely misses you.
You shoot an arrow. The arrow hits the bat.
The bat is severely wounded.
The bat misses you.
No target in view!
The bat closely misses you.
A bat is nearby!
You shoot an arrow.
The arrow hits the bat but does no damage.
The bat is severely wounded.
The bat hits you. The bat hits you but does no damage.
You shoot an arrow. The arrow misses the bat.
The bat hits you but does no damage.
You shoot an arrow. The arrow hits the bat.
You kill the bat!
Key pressed, stopping explore.
No target in view!
A frilled lizard comes into view.
Found a stone staircase leading down.
You shoot an arrow. The arrow hits the frilled lizard.
You kill the frilled lizard!
You have reached level 2!
Found a quarterstaff.
No target in view!
You open the door.
You see here a +0 quarterstaff.
Found a faded altar of an unknown god.
There is an open door here.
No target in view!
There is a faded altar of an unknown god here.
This altar belongs to (a) Ignis, (b) Cheibriados or (c) Okawaru, but you can't tell which.
Press the corresponding letter to learn more about a god, or press enter to convert or escape to cancel.
Cheibriados accepts your prayer! Cheibriados welcomes you!
Cheibriados begins to support your attributes as your movement slows.
Cheibriados is now slowing the effects of poison on you.
You can now bend time to slow others.
Cheibriados raises the support of your attributes as your movement slows.
Are you sure you want to abandon this character and quit the game? (Confirm with "yes".)

#......### #############
#.####...# ####...........#
#....#.#.###....#########.#
#..#....................#.#
#...######.######.###.....#
#####.### #..#.#..#.#
#.#.### ........#
#..#.').#.# #.#.# #####.###
+##..#.#..#.###.#.# #####.#
....#@#..#.....#.# ......#
.#..###..#######.# ......#
## ##......### #.# ......#
#.. #...###..# #.####
........#..#####.....#
#....#
......##.............#
#####.## #####.#
#.#.##..##### #.....# ...
#......## #.##### #.
##..#### #.#


There were no monsters in sight!

Vanquished Creatures
  A dart slug (D:1)
  A giant cockroach (D:1)
  A ball python (D:1)
  A bat (D:1)
  A frilled lizard (D:1)
  A rat (D:1)
6 creatures vanquished.

Notes
Turn   | Place    | Note
-------+----------+-------------------------------------------
     0 | D:1      | Bnni the Tengu Hunter began the quest for the Orb.
     0 | D:1      | Reached XP level 1. HP: 12/12 MP: 2/2
   239 | D:1      | Reached XP level 2. HP: 17/17 MP: 3/3
   264 | D:1      | Found a faded altar of an unknown god.
   267 | D:1      | Prayed at the altar of an unknown god.
   267 | D:1      | Became a worshipper of Cheibriados the Contemplative
   267 | D:1      | Reached * piety under Cheibriados
   268 | D:1      | Quit the game

Illustrated notes

Levels and vault maps discovered:
D:1:      giann_forest_graveyard, layout_basic, serial_shops,
          nicolae_shop_window_shopping, shapermc_ecumenical_altar_mp_vishouse

Action                     || total
---------------------------++-------
   Fire: Shortbow          ||    18
 Armour: Leather armour    ||     3
  Dodge: Dodged            ||     7

Table legend: (Time is in decaauts)
 A = Elapsed time spent in this place.
 B = Non-inter-level travel time spent in this place.
 C = Inter-level travel time spent in this place.
 D = Time resting spent in this place.
 E = Time spent auto-exploring this place.
 F = Levels seen in this place.
 G = Mean time per level.
                   A        B        C        D        E       F      G
               +--------+--------+--------+--------+--------+-----+--------+
         Total |    272 |    272 |      0 |      0 |    234 |   1 |  272.0 |
       Dungeon |    272 |    272 |      0 |      0 |    234 |   1 |  272.0 |
               +--------+--------+--------+--------+--------+-----+--------+

Top non-repeatable levels by time:
     D:1: 272 daAuts
